AoeStats
← FERMORTE

Socotra

506561590Analyzed
4v4 RM · 17d ago on Sep 14, 2026· 73m 46s· 8 players
Game mode
Random Map
Map size
148×148
Population
200
Speed
Normal
Resources
Standard
Victory
Conquest
Starting age
Dark Age
Ending age
Imperial Age
RankedLock teamsTeams togetherTeam positionsShared explorationLock speedFull tech treeHidden civsTurbo modeCheats
Victory
Defeat
🇪🇨 Sicilians · Ecuador
548
+15
🇨🇦 Persians · Canada
494
+17
🇳🇴 Spanish · Norway
486
+17
🇹🇷 Turks · Türkiye
422
+19
🇨🇱 Franks · Chile
555
-19
🇲🇽 Khmer · Mexico
543
-18
🇨🇱 Khmer · Chile
499
-17
🇧🇷 Jurchens · Brazil
443
-14
jairfrancomf3092
12:30 Feudal Age
13:41 Wheelbarrow
22:13 Castle Age
22:48 Horse Collar
23:04 Double-Bit Axe
23:12 Gold Mining
23:13 Stone Mining
26:20 Hand Cart
27:19 Heavy Plow
35:24 Imperial Age
35:43 Bow Saw
36:15 Gold Shaft Mining
36:16 Stone Shaft Mining
46:47 Elite War Elephant
49:06 Conscription
58:14 Two-Man Saw
Varg_1960
2:20 Loom
11:31 Feudal Age
13:01 Town Watch
14:28 Man-at-Arms
27:14 Double-Bit Axe
34:38 Castle Age
36:43 Town Patrol
38:00 Husbandry
50:46 Scale Barding Armor
50:56 Forging
67:24 Bloodlines
Ulukanl43
13:35 Feudal Age
32:21 Castle Age
37:32 Man-at-Arms
38:13 Squires
38:00 Arson
38:17 Husbandry
38:27 Bloodlines
38:06 Crossbowman
38:51 Thumb Ring
Mytsogun
0:44 Loom
13:35 Feudal Age
14:03 Double-Bit Axe
14:30 Horse Collar
17:59 Wheelbarrow
20:20 Stone Mining
20:21 Gold Mining
26:59 Fletching
29:18 Castle Age
28:12 Padded Archer Armor
28:28 Arson
30:31 Gambesons
30:48 Squires
30:54 Heavy Plow
31:13 Hand Cart
32:17 Bow Saw
32:47 Gold Shaft Mining
32:48 Stone Shaft Mining
34:31 Leather Archer Armor
34:11 Bodkin Arrow
34:40 Ballistics
40:50 Imperial Age
39:55 Forging
39:45 Scale Mail Armor
40:02 Pikeman
42:01 Crop Rotation
41:08 Elite Serjeant
42:20 Halberdier
43:39 Iron Casting
43:19 Chain Mail Armor
45:16 Chemistry
45:47 Conscription
46:53 Blast Furnace
46:23 Plate Mail Armor
Porowy
0:45 Loom
10:11 Feudal Age
11:41 Wheelbarrow
23:07 Castle Age
24:29 Hand Cart
27:01 Town Watch
33:50 Town Patrol
38:03 Imperial Age
36:31 Fortified Wall
36:40 Guard Tower
41:23 Chemistry
45:32 Light Cavalry
46:16 Husbandry
46:27 Bloodlines
48:31 Cavalier
FERMORTE
0:31 Loom
11:17 Feudal Age
12:54 Wheelbarrow
12:13 Double-Bit Axe
12:39 Horse Collar
14:48 Town Watch
20:35 Gold Mining
24:08 Castle Age
27:19 Heavy Plow
27:35 Bow Saw
27:24 Stone Mining
28:11 Gold Shaft Mining
31:22 Guard Tower
33:41 Hand Cart
35:08 Town Patrol
35:39 Caravan
40:24 Imperial Age
41:49 Thunderclap Bombs
43:02 Chemistry
41:53 Heavy Rocket Cart
43:21 Hoardings
63:14 Stone Shaft Mining
SouthWarrior260
0:37 Loom
13:07 Feudal Age
17:08 Double-Bit Axe
20:52 Horse Collar
21:31 Town Watch
23:43 Wheelbarrow
26:07 Gold Mining
26:09 Stone Mining
31:45 Castle Age
30:44 Bloodlines
31:22 Man-at-Arms
31:48 Arson
34:10 Bow Saw
34:04 Heavy Plow
35:44 Gold Shaft Mining
35:44 Stone Shaft Mining
37:02 Hand Cart
38:06 Husbandry
37:27 Light Cavalry
37:30 Pikeman
41:36 Imperial Age
41:19 Husbandry
43:08 Capped Ram
45:44 Tusk Swords
48:18 Crop Rotation
47:19 Cavalier
49:50 Light Cavalry
52:58 Heavy Scorpion
59:53 Caravan
Ibrahim Traoré
11:16 Feudal Age
19:44 Castle Age
18:38 Double-Bit Axe
18:48 Gold Mining
18:49 Stone Mining
22:39 Arson
22:15 Man-at-Arms
23:39 Bow Saw
23:55 Long Swordsman
28:08 Squires
27:54 Gambesons
28:27 Forging
28:18 Scale Mail Armor
31:55 Wheelbarrow
31:59 Iron Casting
31:39 Chain Mail Armor
37:27 Imperial Age
35:16 Hand Cart
36:09 Scale Barding Armor
37:32 Husbandry
37:56 Chain Barding Armor
37:01 Pikeman
38:07 #83
37:32 Two-Handed Swordsman
39:18 Blast Furnace
38:48 Plate Mail Armor
40:06 Halberdier
40:13 Champion
43:52 Chemistry
44:54 Cavalier
46:38 Elite Throwing Axeman
50:29 Paladin
57:22 Plate Barding Armor
Connection lost

Rejoining the realm…

Still unreachable

The connection could not be restored.

Session expired

The server has moved on; the page needs a fresh start.